[Event "December 5 Late 2023"]
[Site "https://www.chess.com"]
[Date "2023.12.05"]
[Round "6"]
[White "Troff, Kayden"]
[Black "Petukhov, Dmitry"]
[Result "0-1"]
[Board "36"]
[TimeControl "180+1"]
[WhiteFideId "2047896"]
[BlackFideId "4142748"]
[WhiteElo "2793"]
[BlackElo "2539"]
[WhiteTeam "USA"]
[BlackTeam "RUS"]
[WhiteClock "0:01:47"]
[BlackClock "0:01:44"]

1. d4 Nf6 2. c4 g6 3. Nc3 d5 4. Qb3 dxc4 5. Qxc4 Bg7 6. e4 O-O 7. Be2 a6 8. Bf4 b5 9. Qxc7 Qxc7 10. Bxc7 Bb7 11. f3 Nc6 12. d5 Nb4 13. Rc1 Bh6 14. Rd1 Rac8 15. Be5 Nc2+ 16. Kf2 Be3+ 17. Kg3 Nh5+ 18. Kh3 f6 19. Bg3 Rxc3 20. bxc3 Bc8+ 21. Kh4 Bg5# 0-1

[Event "December 5 Late 2023"]
[Site "https://www.chess.com"]
[Date "2023.12.05"]
[Round "6"]
[White "Urazayev, Arystanbek"]
[Black "Keleberda, Tymur"]
[Result "1-0"]
[Board "37"]
[TimeControl "180+1"]
[WhiteFideId "13709810"]
[BlackFideId "14174294"]
[WhiteElo "2777"]
[BlackElo "2510"]
[WhiteTeam "KAZ"]
[BlackTeam "CAN"]
[WhiteClock "0:00:30"]
[BlackClock "0:00:15"]

1. d4 Nf6 2. c4 e6 3. Nc3 Bb4 4. e3 b6 5. Ne2 Ne4 6. Bd2 Nxd2 7. Qxd2 Bb7 8. a3 Be7 9. Ng3 h5 10. h3 h4 11. Nge2 d6 12. Nf4 Nd7 13. d5 e5 14. Nd3 Bg5 15. Be2 O-O 16. Qc2 f5 17. e4 g6 18. O-O Nf6 19. exf5 gxf5 20. f4 exf4 21. Nxf4 Bc8 22. Ne6 Be3+ 23. Kh1 Bxe6 24. dxe6 f4 25. Qg6+ Kh8 26. Nd5 Nxd5 27. Qh5+ Kg7 28. cxd5 Qf6 29. Rac1 c5 30. Rc3 Qg6 31. Qxh4 Rf6 32. Bh5 Qe4 33. Qg5+ Rg6 34. Bxg6 Qxg6 35. Qe7+ Kh6 36. Qh4+ Kg7 37. Rxf4 Qb1+ 38. Kh2 Qg1+ 39. Kg3 Qe1+ 40. Kf3 Qxh4 41. Rxh4 Bd4 42. Rxd4 cxd4 43. Rc7+ Kf6 44. Ke4 Rg8 45. Rf7+ Kg6 46. Kxd4 Rc8 47. Rxa7 Rc1 48. Rd7 Rd1+ 49. Kc4 Rc1+ 50. Kb4 Rd1 51. Rxd6 Kf6 52. Rd7 Rd2 53. e7 Kf7 54. d6 Rxd6 55. Rxd6 Kxe7 56. Rxb6 Kd7 57. a4 Kc7 58. a5 Kc8 59. h4 Kc7 60. h5 Kd7 61. h6 Ke7 62. g4 Kf7 63. g5 Ke7 64. g6 Kd7 65. h7 Kd8 66. h8=Q+ Kc7 67. Qg7+ Kc8 68. Qf7 Kd8 69. Rb8# 1-0

[Event "December 5 Late 2023"]
[Site "https://www.chess.com"]
[Date "2023.12.05"]
[Round "6"]
[White "Skvortsov, Andrei"]
[Black "Della Morte, German"]
[Result "1-0"]
[Board "38"]
[TimeControl "180+1"]
[WhiteFideId "24108600"]
[BlackFideId "113522"]
[WhiteElo "2754"]
[BlackElo "2480"]
[WhiteTeam "MNE"]
[BlackTeam "ARG"]
[WhiteClock "0:01:01"]
[BlackClock "0:01:14"]

1. e4 c6 2. e5 d5 3. exd6 exd6 4. d4 d5 5. Nf3 Bd6 6. Bd3 Nf6 7. Qe2+ Qe7 8. Qxe7+ Bxe7 9. O-O O-O 10. Bf4 Bg4 11. Re1 Bb4 12. c3 Bxf3 13. cxb4 Be4 14. Bf1 Nbd7 15. Nc3 a6 16. f3 Bf5 17. g4 Bg6 18. h4 h6 19. Na4 Rfe8 20. Kf2 Bc2 21. Nc5 Nxc5 22. bxc5 Bg6 23. Rec1 Re6 24. Rc3 Rae8 25. Rb3 R6e7 26. Bd6 Rd7 27. g5 hxg5 28. hxg5 Nh7 29. Bh3 Re6 30. f4 Be4 31. Bxe6 fxe6 32. Rc1 Rf7 33. Kg3 Nf8 34. Bxf8 Kxf8 35. Rcc3 Bb1 36. a3 Ba2 37. Rb6 Ke8 38. b3 Bb1 39. Rc1 Bf5 40. a4 Kd8 41. b4 Bd3 42. Rc3 Bc4 43. Kg4 Kc7 44. Rh3 Be2+ 45. Kg3 Bd3 46. Rh8 Bc2 47. b5 Bxa4 48. bxa6 bxa6 49. Ra8 Bb5 50. Ra7+ 1-0

[Event "December 5 Late 2023"]
[Site "https://www.chess.com"]
[Date "2023.12.05"]
[Round "6"]
[White "Kosteniuk, Alexandra"]
[Black "Bonin, Jay"]
[Result "1-0"]
[Board "39"]
[TimeControl "180+1"]
[WhiteFideId "4128125"]
[BlackFideId "2000644"]
[WhiteElo "2743"]
[BlackElo "2398"]
[WhiteTeam "SUI"]
[BlackTeam "USA"]
[WhiteClock "0:00:09"]
[BlackClock "0:00:00"]

1. d4 Nf6 2. c4 e6 3. Nc3 Bb4 4. e3 c5 5. a3 Bxc3+ 6. bxc3 Nc6 7. Nf3 b6 8. d5 Na5 9. Bd3 Ba6 10. Qe2 O-O 11. O-O Re8 12. Nd2 d6 13. e4 Qd7 14. f4 Qa4 15. e5 exd5 16. Qf2 dxe5 17. fxe5 Rxe5 18. Nf3 Ree8 19. Ng5 Bxc4 20. Bxh7+ Nxh7 21. Qxf7+ Kh8 22. Nxh7 Bxf1 23. Bh6 Qg4 24. Rxf1 Re2 25. Qxd5 Rae8 26. Ng5 gxh6 27. Nf7+ Kg7 28. Nd6 Rxg2+ 29. Qxg2 Qxg2+ 30. Kxg2 Re2+ 31. Kg1 Ra2 32. Rf7+ Kg6 33. Rxa7 Rxa3 34. Ra6 Rxc3 35. Rxb6 Kg7 36. Nf5+ Kf8 37. Rxh6 c4 38. Ra6 Ra3 39. h4 c3 40. Nd4 Ra4 41. Nc2 Ra2 42. Nb4 Ra4 43. Nc2 Ra2 44. Ne3 c2 45. Nxc2 Rxc2 46. Rxa5 1-0

[Event "December 5 Late 2023"]
[Site "https://www.chess.com"]
[Date "2023.12.05"]
[Round "6"]
[White "Gabuzyan, Hovhannes"]
[Black "yaguigor"]
[Result "0-1"]
[Board "40"]
[TimeControl "180+1"]
[WhiteFideId "13303732"]
[WhiteElo "2837"]
[BlackElo "2402"]
[WhiteTeam "ARM"]
[WhiteClock "0:00:54"]
[BlackClock "0:00:10"]

1. e4 c5 2. Nc3 Nc6 3. Bb5 Nd4 4. Bc4 e6 5. Nge2 Nf6 6. O-O a6 7. a4 b6 8. d3 Nxe2+ 9. Qxe2 d6 10. f4 Bb7 11. f5 exf5 12. Rxf5 Be7 13. Bg5 Bc8 14. Rf2 Bg4 15. Qd2 Be6 16. Bxf6 Bxf6 17. Kh1 O-O 18. Raf1 Bxc3 19. Qxc3 Qe7 20. Rf3 Bxc4 21. Qxc4 Qe6 22. Qc3 f6 23. Rf5 b5 24. axb5 axb5 25. g4 b4 26. Qe1 g6 27. R5f4 Qe5 28. Qf2 Qxb2 29. g5 Qd4 30. Qxd4 cxd4 31. Rxf6 Rfc8 32. R1f2 Ra2 33. Rxd6 b3 34. Rf1 bxc2 35. Rc1 Rb2 36. Rf6 Rb3 37. Rf2 Rxd3 38. Rfxc2 Rdc3 39. Rxc3 dxc3 40. Kg2 Kf7 41. Kf3 c2 42. Ke3 Ke6 43. Kd4 Rc7 44. h3 Rc8 45. h4 Rc7 46. e5 Rc8 47. Ke4 Rc4+ 48. Kd3 Rxh4 49. Rxc2 Kxe5 50. Rc5+ Kf4 51. Ke2 Rh2+ 52. Kf1 Kf3 53. Kg1 Rh5 54. Ra5 Kf4 55. Kf2 Rxg5 56. Ra4+ Kf5 57. Ra7 h5 58. Kf3 Rg4 59. Ra5+ Kf6 60. Ra6+ Kg5 61. Ra1 Rb4 62. Rg1+ Kf5 63. Rc1 Rb3+ 64. Kg2 h4 65. Rc5+ Kg4 66. Rc4+ Kh5 67. Rc8 g5 68. Rg8 Rb2+ 69. Kf3 g4+ 70. Kf4 Rf2+ 71. Ke3 g3 72. Rh8+ Kg4 73. Rg8+ Kh3 74. Rf8 Rxf8 0-1

[Event "December 5 Late 2023"]
[Site "https://www.chess.com"]
[Date "2023.12.05"]
[Round "6"]
[White "Osmak, Yuliia"]
[Black "Shuvalova, Polina"]
[Result "0-1"]
[Board "41"]
[TimeControl "180+1"]
[WhiteFideId "14101602"]
[BlackFideId "24171760"]
[WhiteElo "2573"]
[BlackElo "2836"]
[WhiteTeam "UKR"]
[BlackTeam "RUS"]
[WhiteClock "0:00:00"]
[BlackClock "0:00:09"]

1. e4 c6 2. d4 d5 3. exd5 cxd5 4. Bd3 Nc6 5. c3 Nf6 6. h3 e5 7. dxe5 Nxe5 8. Nf3 Nxd3+ 9. Qxd3 Bd6 10. O-O O-O 11. Bg5 h6 12. Bh4 g5 13. Bg3 Bxg3 14. fxg3 g4 15. hxg4 Qb6+ 16. Qd4 Qxd4+ 17. Nxd4 Nxg4 18. Nd2 Bd7 19. Rae1 Rfe8 20. N2f3 Ne3 21. Rf2 Nc4 22. Rfe2 Kf8 23. Kf2 a5 24. Ne5 Nb6 25. Nxd7+ Nxd7 26. Kf3 Rxe2 27. Rxe2 Ra6 28. g4 Rf6+ 29. Nf5 h5 30. Kf4 hxg4 31. Kxg4 Rg6+ 32. Kf3 Rb6 33. g4 f6 34. Rh2 Ne5+ 35. Kg3 Ng6 36. Rd2 Kf7 37. Ne3 Re6 38. Nxd5 b5 39. Nc7 Re3+ 40. Kf2 Re5 41. Rd5 Re4 42. Rxb5 Ne5 43. Rxa5 Rf4+ 44. Ke2 Re4+ 45. Kd1 Rxg4 46. Kc2 Rg2+ 47. Kb3 Nd3 48. Ra7 Rxb2+ 49. Kc4 Ne5+ 50. Kd4 Nc6+ 51. Kc5 Nxa7 52. Nd5 Rxa2 53. c4 Ke6 54. Kb6 Nc8+ 55. Kc7 Ne7 56. Nf4+ Ke5 57. Nd3+ Kd4 58. Nb4 Ra4 0-1

[Event "December 5 Late 2023"]
[Site "https://www.chess.com"]
[Date "2023.12.05"]
[Round "6"]
[White "aksuliini1"]
[Black "Mekhitarian, Krikor Sevag"]
[Result "1/2-1/2"]
[Board "42"]
[TimeControl "180+1"]
[BlackFideId "2107660"]
[WhiteElo "2560"]
[BlackElo "2834"]
[BlackTeam "BRA"]
[WhiteClock "0:00:13"]
[BlackClock "0:00:07"]

1. e4 e6 2. d4 d5 3. Nd2 c5 4. exd5 Qxd5 5. Ngf3 cxd4 6. Bc4 Qd7 7. O-O Nc6 8. Nb3 a6 9. Nbxd4 Nxd4 10. Nxd4 Qc7 11. Bb3 Bd6 12. h3 Ne7 13. a4 O-O 14. c3 e5 15. Nf3 Bf5 16. Qe2 Rad8 17. Be3 Nc6 18. Rfd1 h6 19. Bc2 Bxc2 20. Qxc2 f5 21. Qb3+ Qf7 22. Qxf7+ Kxf7 23. Bb6 Rd7 24. b4 Ke6 25. b5 Ne7 26. c4 Rc8 27. Rac1 Bb8 28. Rxd7 Kxd7 29. bxa6 bxa6 30. a5 Ke6 31. c5 Nc6 32. Rd1 g5 33. Nd2 Nd4 34. Nc4 Nb3 35. Nd6 Rc6 36. Nb7 Rc8 37. c6 Bc7 38. Bxc7 Rxc7 39. Rd6+ Ke7 40. Rxh6 Kf8 41. Rf6+ Ke7 42. Rh6 Kf8 43. Rf6+ Ke7 44. Rxf5 Rxc6 45. Rxe5+ Kf6 46. Rd5 Rc1+ 47. Kh2 Rc2 48. Rd6+ Ke5 49. f3 Nd4 50. Rxa6 Nxf3+ 51. Kg3 Nh4 52. Kg4 Rxg2+ 53. Kh5 Nf5 54. Rb6 Rg3 55. Rb5+ Kf6 56. Rb6+ Ke5 57. Kg6 Nh4+ 58. Kh5 Nf5 1/2-1/2

[Event "December 5 Late 2023"]
[Site "https://www.chess.com"]
[Date "2023.12.05"]
[Round "6"]
[White "Livaic, Leon"]
[Black "Bijaoui, Manuel"]
[Result "1-0"]
[Board "43"]
[TimeControl "180+1"]
[WhiteFideId "14531534"]
[BlackFideId "626783"]
[WhiteElo "2828"]
[BlackElo "2556"]
[WhiteTeam "CRO"]
[BlackTeam "FRA"]
[WhiteClock "0:00:05"]
[BlackClock "0:00:16"]

1. d4 Nf6 2. c4 g6 3. Nc3 Bg7 4. e4 d6 5. h3 O-O 6. Be3 c5 7. Nf3 cxd4 8. Nxd4 Nc6 9. Be2 Bd7 10. O-O Nxd4 11. Bxd4 Bc6 12. Qc2 a5 13. Rad1 Nd7 14. Bxg7 Kxg7 15. Bg4 Ne5 16. c5 Nxg4 17. hxg4 Qc8 18. cxd6 Qxg4 19. dxe7 Rfe8 20. Nd5 Bxd5 21. Qc3+ Kg8 22. exd5 Rxe7 23. d6 Rd7 24. Rd5 b6 25. Qc6 Rb8 26. Re1 Rbd8 27. Qxb6 Qc4 28. Qxa5 Rxd6 29. Qxd8+ Rxd8 30. Rxd8+ Kg7 31. a3 h5 32. Red1 h4 33. R8d3 g5 34. b4 f5 35. Rd4 Qb3 36. Rd7+ Kg6 37. R1d6+ Kh5 38. f3 g4 39. fxg4+ Kxg4 40. Rd3 Qb1+ 41. Kh2 Qe1 42. R7d4+ Kg5 43. Rf3 Qe5+ 44. Rdf4 Qd6 45. Kh3 Qd1 46. Rxf5+ Kg6 47. Kxh4 Qh1+ 48. Kg3 Qe1+ 49. Kh2 Qh4+ 50. Rh3 Qd4 51. Rff3 Qe5+ 52. Rhg3+ Kh5 53. a4 Kh4 54. b5 Qc7 55. Kh1 Qc1+ 56. Kh2 Qc7 57. Rc3 Qf4 58. b6 Qxa4 59. b7 Qb4 60. Rb3 Qf4 61. b8=Q Qxg3+ 62. Qxg3+ Kh5 63. Rb4 Kh6 64. Rh4# 1-0

[Event "December 5 Late 2023"]
[Site "https://www.chess.com"]
[Date "2023.12.05"]
[Round "6"]
[White "Przybylski, Wojciech"]
[Black "Yuan, Qingyu"]
[Result "0-1"]
[Board "44"]
[TimeControl "180+1"]
[WhiteFideId "1117599"]
[BlackFideId "8609772"]
[WhiteElo "2555"]
[BlackElo "2814"]
[WhiteTeam "POL"]
[BlackTeam "CHN"]
[WhiteClock "0:00:02"]
[BlackClock "0:00:17"]

1. e4 e5 2. Nf3 Nc6 3. Bb5 Nf6 4. O-O Nxe4 5. d4 Nd6 6. Ba4 e4 7. Ne5 Be7 8. Nc3 O-O 9. Re1 f5 10. Bb3+ Kh8 11. Qh5 Qe8 12. Qd1 Nd8 13. f3 exf3 14. Qxf3 Ne6 15. Be3 Rb8 16. Nd5 Bd8 17. c4 b6 18. Bf2 Bb7 19. Bc2 Ng5 20. Qe2 Nge4 21. Nf4 Bf6 22. Nf3 Qf7 23. Bb3 c5 24. d5 Rbe8 25. Qc2 Ba6 26. Nd3 Re7 27. Rad1 Rfe8 28. Be3 h6 29. Bc1 g5 30. h3 Qg7 31. Kh2 f4 32. Re2 Nf5 33. Rde1 Nfg3 34. Rxe4 Rxe4 35. Rxe4 Rxe4 36. Qd1 d6 37. Bc2 Re8 38. b3 Bc8 39. Nf2 Bf5 40. Bxf5 Nxf5 41. Ng4 Bc3 42. Qd3 Rf8 43. a3 h5 44. Nf2 Be5 45. Ne4 g4 46. Nfg5 f3+ 47. g3 h4 48. hxg4 hxg3+ 49. Kg1 Bd4+ 50. Kf1 g2+ 51. Ke1 g1=Q+ 52. Kd2 Qg2+ 53. Kd1 Qe2+ 54. Qxe2 fxe2+ 55. Kxe2 Nh6 56. Bd2 Nxg4 57. Kd3 Qg6 58. Ne6 Ne5+ 59. Kc2 Rf2 60. Ng5 Rg2 61. Kd1 Qh5+ 62. Kc2 Qg6 63. Kd1 a6 64. a4 Rxg5 65. Nxg5 Qb1+ 66. Ke2 Qxb3 67. Ne6 Qxc4+ 68. Kd1 Qb3+ 69. Ke2 Qf3+ 70. Ke1 Bf2+ 71. Kf1 Bg3+ 72. Kg1 Qf2+ 73. Kh1 Qf1# 0-1

[Event "December 5 Late 2023"]
[Site "https://www.chess.com"]
[Date "2023.12.05"]
[Round "6"]
[White "Cervantes Landeiro, Thalia"]
[Black "Ghasi, Ameet K"]
[Result "0-1"]
[Board "45"]
[TimeControl "180+1"]
[WhiteFideId "3520498"]
[BlackFideId "409200"]
[WhiteElo "2545"]
[BlackElo "2789"]
[WhiteTeam "USA"]
[BlackTeam "ENG"]
[WhiteClock "0:00:14"]
[BlackClock "0:01:36"]

1. d4 Nf6 2. c4 g6 3. Nc3 Bg7 4. e4 d6 5. Nf3 O-O 6. Be2 Bg4 7. O-O Nc6 8. Be3 Nd7 9. d5 Bxf3 10. Bxf3 Na5 11. Be2 c5 12. f4 Nb6 13. e5 Naxc4 14. Bxc4 Nxc4 15. Bf2 b5 16. b3 Nb6 17. Nxb5 dxe5 18. Bxc5 Nxd5 19. fxe5 Bxe5 20. Rc1 a6 21. Na3 Rc8 22. b4 Bb2 23. Nc4 Bxc1 24. Qxc1 Nxb4 25. Bxb4 Qd4+ 26. Kh1 Rxc4 27. Qb1 Rxb4 0-1

[Event "December 5 Late 2023"]
[Site "https://www.chess.com"]
[Date "2023.12.05"]
[Round "6"]
[White "Slugin, Sergey"]
[Black "Suder, Jakub"]
[Result "1-0"]
[Board "46"]
[TimeControl "180+1"]
[WhiteFideId "4122569"]
[BlackFideId "1195310"]
[WhiteElo "2725"]
[BlackElo "2544"]
[WhiteTeam "RUS"]
[BlackTeam "POL"]
[WhiteClock "0:00:05"]
[BlackClock "0:00:25"]

1. d4 d5 2. Nf3 Nf6 3. Bg5 Ne4 4. Bh4 c5 5. e3 Nc6 6. c3 Bg4 7. Nbd2 Qb6 8. Qb3 Nxd2 9. Nxd2 e6 10. Qxb6 axb6 11. Bb5 Bd6 12. Bg3 Ke7 13. Bxd6+ Kxd6 14. f3 Bh5 15. g4 Bg6 16. h4 h6 17. Ke2 Ra5 18. Bd3 Bxd3+ 19. Kxd3 c4+ 20. Ke2 b5 21. a3 e5 22. Rag1 exd4 23. exd4 Raa8 24. f4 Rae8+ 25. Kf2 Re7 26. Re1 Rhe8 27. Rxe7 Rxe7 28. Re1 Rxe1 29. Kxe1 Ne7 30. Kf2 f5 31. Kg3 Ke6 32. Nf1 fxg4 33. Kxg4 Nf5 34. h5 Kf6 35. Kf3 g5 36. Nh2 Nh4+ 37. Kg3 Nf5+ 38. Kf3 Nh4+ 39. Kg4 Ng2 40. fxg5+ hxg5 41. Kf3 Ne1+ 42. Ke2 Nd3 43. Ng4+ Kf5 44. Ne3+ Ke4 45. h6 Nf4+ 46. Kf2 Ng6 47. Ke2 Nf4+ 48. Kf2 Ng6 49. Ng4 Kf5 50. Ne5 Nh8 51. h7 Kf6 52. Kg3 Kg7 53. Kg4 Kxh7 54. Kxg5 Kg7 55. Kf5 b6 56. Ke6 1-0

[Event "December 5 Late 2023"]
[Site "https://www.chess.com"]
[Date "2023.12.05"]
[Round "6"]
[White "Kashefi, Amir Hosein"]
[Black "Zeltsan, Joseph"]
[Result "1-0"]
[Board "47"]
[TimeControl "180+1"]
[WhiteFideId "12557935"]
[BlackFideId "30932980"]
[WhiteElo "2543"]
[BlackElo "2710"]
[WhiteTeam "IRI"]
[BlackTeam "USA"]
[WhiteClock "0:00:03"]
[BlackClock "0:00:00"]

1. Nf3 Nf6 2. g3 g6 3. Bg2 Bg7 4. O-O O-O 5. b3 d5 6. Bb2 c5 7. e3 b6 8. d3 Bb7 9. Nbd2 Nc6 10. c4 dxc4 11. Nxc4 Qc7 12. a3 Rad8 13. Qc2 Rd7 14. Rfd1 Rfd8 15. Rac1 Qc8 16. Bh3 e6 17. Bg2 Qa8 18. Bc3 b5 19. Nb2 b4 20. axb4 cxb4 21. Bxf6 Bxf6 22. Qe2 Ne7 23. Nc4 Nd5 24. Nfe5 Rc7 25. Bxd5 exd5 26. Ng4 Bg7 27. Na5 Rxc1 28. Rxc1 h5 29. Rc7 Ba6 30. Qf3 f5 31. Nc6 hxg4 32. Qf4 Re8 33. Qd6 Kh7 34. Ne7 Rxe7 35. Rxe7 Qf8 36. Rxg7+ Kxg7 37. Qxa6 Qc5 38. d4 Qb6 39. Qxb6 axb6 40. Kg2 Kf6 41. h3 gxh3+ 42. Kxh3 Kg5 43. f3 Kh5 44. g4+ fxg4+ 45. fxg4+ Kg5 46. Kg3 Kf6 47. Kf3 Kg5 48. e4 dxe4+ 49. Kxe4 Kf6 50. d5 g5 51. Kd4 Ke7 52. Ke5 Kd7 53. d6 1-0

[Event "December 5 Late 2023"]
[Site "https://www.chess.com"]
[Date "2023.12.05"]
[Round "6"]
[White "Korchynskyi, Mykola"]
[Black "Wafa, Hamed"]
[Result "0-1"]
[Board "48"]
[TimeControl "180+1"]
[WhiteFideId "34138005"]
[BlackFideId "10628452"]
[WhiteElo "2539"]
[BlackElo "2707"]
[WhiteTeam "UKR"]
[BlackTeam "EGY"]
[WhiteClock "0:00:02"]
[BlackClock "0:01:13"]

1. d4 Nf6 2. c4 e6 3. Nc3 Bb4 4. Qc2 O-O 5. a3 Bxc3+ 6. Qxc3 b6 7. Bg5 Bb7 8. e3 d6 9. f3 c5 10. dxc5 bxc5 11. O-O-O d5 12. Nh3 Nbd7 13. Nf4 h6 14. h4 Qc7 15. g4 d4 16. Qd2 Bxf3 17. Bg2 Bxd1 18. Bxa8 Rxa8 19. Qxd1 hxg5 20. hxg5 dxe3 21. Qf3 Rb8 22. Qh3 Kf8 23. Rf1 Qe5 24. Nd3 Qd4 25. gxf6 Qxc4+ 26. Kb1 Qxd3+ 27. Ka1 gxf6 28. g5 e2 29. Rb1 Qxb1+ 0-1

[Event "December 5 Late 2023"]
[Site "https://www.chess.com"]
[Date "2023.12.05"]
[Round "6"]
[White "Prithu Gupta"]
[Black "Rosen, Eric"]
[Result "1-0"]
[Board "49"]
[TimeControl "180+1"]
[WhiteFideId "46618546"]
[BlackFideId "2032562"]
[WhiteElo "2536"]
[BlackElo "2701"]
[WhiteTeam "IND"]
[BlackTeam "USA"]
[WhiteClock "0:01:00"]
[BlackClock "0:00:00"]

1. d4 d5 2. c4 e6 3. Nf3 Nf6 4. Bg5 c6 5. Nbd2 Nbd7 6. e3 Be7 7. Bd3 O-O 8. O-O h6 9. Bh4 b6 10. Rc1 Bb7 11. e4 Nxe4 12. Bxe7 Qxe7 13. Nxe4 dxe4 14. Bxe4 Nf6 15. Bb1 c5 16. Ne5 cxd4 17. Qxd4 Rfd8 18. Qe3 Rac8 19. a3 Qc5 20. Qxc5 Rxc5 21. f4 Rd2 22. Rf2 Rd4 23. b4 Rc8 24. g3 Rcd8 25. Ba2 Ne4 26. Rfc2 f6 27. Nf3 Rd3 28. Ne1 Rxa3 29. c5 Bd5 30. Bxd5 exd5 31. c6 Rc8 32. Rd1 Rc3 33. b5 Rxc2 34. Nxc2 Nc3 35. Re1 Nxb5 36. Nb4 Kf7 37. Nxd5 Rxc6 38. Re7+ Kf8 39. Rb7 Nc3 40. Ne7 a5 41. Nxc6 Nd5 42. Nb8 Ke8 43. Nd7 Kd8 44. Nxb6 Nc7 45. Ra7 Nb5 46. Rxa5 Nc3 47. Ra7 g5 48. f5 Ke8 49. Rh7 1-0

[Event "December 5 Late 2023"]
[Site "https://www.chess.com"]
[Date "2023.12.05"]
[Round "6"]
[White "Annaberdiyev, Meylis"]
[Black "Kopczynski, Michal"]
[Result "0-1"]
[Board "50"]
[TimeControl "180+1"]
[WhiteFideId "14000563"]
[BlackFideId "1124200"]
[WhiteElo "2699"]
[BlackElo "2533"]
[WhiteTeam "TKM"]
[BlackTeam "POL"]
[WhiteClock "0:00:00"]
[BlackClock "0:00:05"]

1. e4 b6 2. d4 Bb7 3. Bd3 e6 4. Nf3 Nf6 5. Nbd2 d5 6. e5 Nfd7 7. Nf1 c5 8. c3 Nc6 9. a3 Qc7 10. Ng3 O-O-O 11. b4 c4 12. Bc2 h6 13. h4 f5 14. h5 g6 15. hxg6 Ne7 16. Nh4 Rg8 17. Qh5 Bg7 18. a4 Nf8 19. b5 Kb8 20. f4 Nfxg6 21. Nxg6 Nxg6 22. Qf3 Bf8 23. Nh5 Be7 24. g3 Rdf8 25. Ba3 Bxa3 26. Rxa3 Qe7 27. Ra2 Nh8 28. Bd1 Rg6 29. Qe3 Rfg8 30. Rh3 Nf7 31. Qc1 Bc8 32. Qa3 Qxa3 33. Rxa3 Nd8 34. Ra2 Nb7 35. Rah2 a6 36. Nf6 Rh8 37. Bh5 Rg7 38. Be8 axb5 39. axb5 Na5 40. Kf2 Nb3 41. Rxh6 Rxh6 42. Rxh6 Nc1 43. Rh8 Kc7 44. Bc6 Re7 45. Ne8+ Rxe8 46. Rxe8 Na2 47. Re7+ Kb8 48. Rh7 Nxc3 49. g4 fxg4 50. f5 exf5 51. Rh8 Kc7 52. Rh7+ Kd8 53. Ke3 Nd1+ 54. Kf4 c3 55. Rh8+ Kc7 56. Rh2 Nb2 57. Bxd5 Bd7 58. Bb3 Bxb5 59. e6 Kd6 60. Rh7 c2 61. Bxc2 Kxe6 62. Bxf5+ Kd5 63. Bxg4 Kxd4 64. Rh6 Kc5 65. Rh5+ Kb4 66. Bf5 Nd3+ 67. Ke3 Nc5 68. Bh7 Bc4 69. Rh4 b5 70. Kd4 Nb3+ 71. Ke3 Nc5 72. Kd2 Nb3+ 73. Kc2 Nc5 74. Kb2 Na4+ 75. Kc2 Nc5 76. Bg6 Ne6 0-1

[Event "December 5 Late 2023"]
[Site "https://www.chess.com"]
[Date "2023.12.05"]
[Round "6"]
[White "Tikhonov, Viacheslav"]
[Black "Wu, Derek"]
[Result "0-1"]
[Board "51"]
[TimeControl "180+1"]
[WhiteFideId "44196407"]
[BlackFideId "30914558"]
[WhiteElo "2530"]
[BlackElo "2695"]
[WhiteTeam "RUS"]
[BlackTeam "USA"]
[WhiteClock "0:00:06"]
[BlackClock "0:00:21"]

1. e4 e6 2. d4 d5 3. Nc3 Nf6 4. Bg5 Be7 5. e5 Nfd7 6. Bxe7 Qxe7 7. f4 a6 8. Nf3 c5 9. Qd2 Nc6 10. dxc5 Nxc5 11. O-O-O b5 12. Bd3 b4 13. Ne2 a5 14. Ned4 Nxd4 15. Nxd4 O-O 16. Kb1 Bd7 17. Rde1 Rfb8 18. f5 exf5 19. Bxf5 a4 20. Bxd7 Qxd7 21. Qf4 b3 22. axb3 axb3 23. Nxb3 Qa7 24. Qd4 Qa2+ 25. Kc1 Nxb3+ 26. cxb3 Qxb3 27. Kd2 Ra4 28. Qc3 Qb6 29. Rhf1 Rc4 30. Qa3 Qd4+ 31. Ke2 Rxb2+ 32. Kf3 Qf4# 0-1

[Event "December 5 Late 2023"]
[Site "https://www.chess.com"]
[Date "2023.12.05"]
[Round "6"]
[White "Kanakaris, Georgios"]
[Black "Shapiro, Viktor"]
[Result "0-1"]
[Board "52"]
[TimeControl "180+1"]
[WhiteFideId "4209460"]
[BlackFideId "4175700"]
[WhiteElo "2684"]
[BlackElo "2524"]
[WhiteTeam "GRE"]
[BlackTeam "RUS"]
[WhiteClock "0:00:00"]
[BlackClock "0:00:45"]

1. e4 Nf6 2. e5 Nd5 3. c4 Nb6 4. d4 d6 5. exd6 cxd6 6. Nc3 g6 7. Be3 Bg7 8. Rc1 O-O 9. b3 f5 10. d5 e5 11. dxe6 Nc6 12. Nh3 Bxe6 13. Nf4 Bf7 14. Be2 g5 15. Nfd5 f4 16. Bxb6 axb6 17. O-O Ne5 18. a4 Kh8 19. Nb5 Bxd5 20. Qxd5 f3 21. Bxf3 Rxf3 22. gxf3 Qf6 23. Kg2 Rf8 24. Rc3 Ng6 25. Kh1 Nf4 26. Qxb7 Qh6 27. Re3 Be5 28. Rxe5 dxe5 29. Qe7 Ng6 30. Qe6 Rxf3 31. Nd6 Qf8 32. Ne4 Qf4 33. Qe8+ Kg7 34. Qd7+ Kh6 35. Ng3 g4 36. Kg1 Rxb3 37. Qe6 Kg5 38. Qxb6 Rxb6 0-1

[Event "December 5 Late 2023"]
[Site "https://www.chess.com"]
[Date "2023.12.05"]
[Round "6"]
[White "Pesotskiy, Mikhail"]
[Black "Amburgy, Ryan"]
[Result "1/2-1/2"]
[Board "53"]
[TimeControl "180+1"]
[WhiteFideId "34164453"]
[BlackFideId "30924820"]
[WhiteElo "2524"]
[BlackElo "2675"]
[WhiteTeam "RUS"]
[BlackTeam "USA"]
[WhiteClock "0:00:08"]
[BlackClock "0:00:50"]

1. d4 Nf6 2. c4 e6 3. Nc3 Bb4 4. Qc2 O-O 5. a3 Bxc3+ 6. Qxc3 d5 7. Bg5 h6 8. Bxf6 Qxf6 9. Nf3 c5 10. cxd5 cxd4 11. Qxd4 Qxd4 12. Nxd4 Rd8 13. Nb5 Na6 14. dxe6 Bxe6 15. e3 Rac8 16. Nc3 Nc5 17. Be2 Bb3 18. O-O Rd2 19. Rab1 Na4 20. Nxa4 Bxa4 21. Bf3 Rcc2 22. Bxb7 Rxb2 23. Rxb2 Rxb2 24. Bd5 Rd2 25. e4 Rd3 26. Ra1 Kf8 27. f3 Bb3 28. Bxb3 Rxb3 29. a4 a5 30. Kf2 Rb4 31. Ke3 g5 32. h4 Ke7 33. hxg5 hxg5 34. g3 Ke6 35. f4 g4 36. Rc1 Rxa4 37. Rc6+ Ke7 38. f5 Rb4 39. Kf4 a4 40. Ra6 f6 41. Re6+ Kf7 42. Kxg4 a3 43. Ra6 Rxe4+ 44. Kh5 Re3 45. Ra7+ Kf8 46. g4 Rg3 47. Kh4 Rb3 48. Kh5 Rg3 49. Kh4 Rd3 50. Ra4 Ke8 51. Kh5 Ke7 52. Kg6 Rg3 53. Ra7+ Ke8 54. Kxf6 Rxg4 55. Rxa3 Rh4 56. Ra8+ Kd7 57. Ra7+ Ke8 58. Ke6 Re4+ 59. Kf6 Rh4 60. Rg7 Kf8 61. Rg6 Ra4 62. Kg5 Kf7 63. Rb6 Ra7 64. Rh6 Ra1 65. Rh7+ Kg8 66. Rb7 Ra6 67. f6 Ra1 68. Rg7+ Kf8 69. Rb7 Rg1+ 70. Kf5 Rf1+ 71. Kg6 Rg1+ 72. Kf5 Rf1+ 73. Kg6 Rg1+ 74. Kf5 1/2-1/2

[Event "December 5 Late 2023"]
[Site "https://www.chess.com"]
[Date "2023.12.05"]
[Round "6"]
[White "Pakleza, Zbigniew"]
[Black "Bayo Milagro, Alvaro"]
[Result "1-0"]
[Board "54"]
[TimeControl "180+1"]
[WhiteFideId "1119290"]
[BlackFideId "22275240"]
[WhiteElo "2664"]
[BlackElo "2522"]
[WhiteTeam "POL"]
[BlackTeam "ESP"]
[WhiteClock "0:00:03"]
[BlackClock "0:00:03"]

1. d4 Nf6 2. Nf3 g6 3. Bf4 d5 4. e3 Bg7 5. Nbd2 O-O 6. c3 c5 7. h3 Qb6 8. Qb3 Nc6 9. Be2 c4 10. Qxb6 axb6 11. a3 b5 12. O-O Bf5 13. Ne5 Nd7 14. Nxd7 Bxd7 15. Bf3 Be6 16. e4 Rfd8 17. Rfe1 dxe4 18. Nxe4 Bd5 19. Bc7 Rd7 20. Bg3 b6 21. Rad1 Rad8 22. h4 h6 23. Kh2 e6 24. Rb1 Ne7 25. Bf4 Kh7 26. Nd2 Bxf3 27. Nxf3 Nd5 28. Be5 f6 29. Bg3 Re8 30. Re2 Kg8 31. Nd2 Kf7 32. Ra1 g5 33. Rae1 Bf8 34. Kg1 Bg7 35. f3 Bf8 36. Kf1 Bg7 37. a4 b4 38. Nxc4 Bf8 39. Ne3 bxc3 40. Nxd5 Rxd5 41. bxc3 Ra5 42. Rb1 Rc8 43. Rxb6 Rxc3 44. h5 Rxa4 45. Rb7+ Kg8 46. Rxe6 Rc1+ 47. Be1 Raa1 48. Re8 Rd1 49. d5 Rac1 50. d6 Rxd6 51. Rbb8 Kf7 52. Rxf8+ Ke6 53. Rfe8+ Kf5 54. Rb2 Rdd1 55. Kf2 g4 56. Rb5+ Kf4 57. g3# 1-0

[Event "December 5 Late 2023"]
[Site "https://www.chess.com"]
[Date "2023.12.05"]
[Round "6"]
[White "Makaraci, Tunahan"]
[Black "Thomforde-Toates, Noah"]
[Result "1-0"]
[Board "55"]
[TimeControl "180+1"]
[WhiteFideId "6356559"]
[BlackFideId "30951992"]
[WhiteElo "2520"]
[BlackElo "2660"]
[WhiteTeam "TUR"]
[BlackTeam "USA"]
[WhiteClock "0:01:51"]
[BlackClock "0:01:17"]

1. e4 c5 2. c3 d5 3. exd5 Qxd5 4. d4 Nc6 5. Nf3 Bg4 6. dxc5 Qxd1+ 7. Kxd1 e5 8. b4 Nf6 9. h3 Bxf3+ 10. gxf3 O-O-O+ 11. Kc2 Nd5 12. Bc4 f6 13. Be3 g6 14. Na3 a6 15. Rad1 Nxe3+ 16. fxe3 Bh6 17. e4 Be3 18. Bd5 Kc7 19. Nc4 Bf4 20. Bxc6 bxc6 21. Rxd8 Rxd8 22. Rd1 Re8 23. Rd6 f5 24. Na5 fxe4 25. Rxc6+ Kd7 26. Rd6+ Kc7 27. fxe4 h5 28. Rxg6 Rd8 29. Rg7+ Kc8 30. Nc4 h4 31. c6 1-0